PIO (24 & UNDER)
SEATTLE RAINIERS @ CHULA VISTA TACOS
08/27/2030
 
TOP OF THE 1ST
Seattle Rainiers batting - Pitching for Chula Vista Tacos : RHP Hoyt Baldwin
Pitching: RHP Hoyt Baldwin
Batting: LHB Pedro Camacho 0-0: Ball
1-0: SINGLE (Line Drive, 34)
Batting: RHB Carl Curry 0-0: Ball
1-0: Foul Ball, location: 2F
1-1: Ball
2-1: Foul Ball, location: 2F
2-2: Fly out, F4 (Popup, 34D)
Batting: RHB Jesús Ortíz 0-0: Ball
1-0: Called Strike
1-1: Ball
Pedro Camacho is caught stealing 2nd base
2-1: Called Strike
2-2: Ball
3-2: Foul Ball, location: 2F
3-2: Foul Ball, location: 2F
3-2: Strikes out looking
Top of the 1st over - 0 runs, 1 hit, 0 errors, 0 left on base; Seattle 0 - Chula Vista 0
BOTTOM OF THE 1ST
Chula Vista Tacos batting - Pitching for Seattle Rainiers : LHP Miguel Perea
Pitching: LHP Miguel Perea
Batting: LHB Dale Miller 0-0: Called Strike
0-1: Foul Ball, location: 2F
0-2: Ball
1-2: SINGLE (Groundball, 56) (infield hit)
Batting: RHB Valentín Saldaña 0-0: Foul Ball, location: 2F
0-1: Ball
1-1: Ball
2-1: Foul Ball, location: 2F
2-2: SINGLE (Groundball, 34D)
Dale Miller to second
Runner from 2nd tries for 3rd, SAFE, throw made to third
Batting: RHB Kenny Miller 0-0: Ball
1-0: Swinging Strike
1-1: Ball
2-1: Ball
3-1: Called Strike
3-2: Base on Balls
Valentín Saldaña to second
Batting: RHB Nelson Wright 0-0: Ball
1-0: Called Strike
1-1: Ball
2-1: SINGLE (Flyball, 89S)
Dale Miller scores
Valentín Saldaña to third
Kenny Miller to second
Batting: RHB Rafael Cardenas 0-0: Called Strike
0-1: Ball
1-1: Foul Ball, location: 2F
1-2: Ball
2-2: Ball
3-2: Base on Balls
Valentín Saldaña scores
Kenny Miller to third
Nelson Wright to second
Batting: RHB Jesús García 0-0: Swinging Strike
0-1: Called Strike
0-2: Ball
1-2: Foul Ball, location: 2F
1-2: Foul Ball, location: 2F
1-2: Ball
2-2: Fly out, F3 (Popup, 34S)
Batting: RHB Daniel Pineda 0-0: Ball
1-0: SINGLE (Line Drive, 4MD)
Kenny Miller scores
Nelson Wright to third
Rafael Cardenas to second
Batting: SHB Jared Calhoun 0-0: Ball
1-0: Ball
2-0: Ball
3-0: Called Strike
3-1: Swinging Strike
3-2: Strikes out looking
Batting: LHB Jorge Pineda 0-0: Ball
1-0: Swinging Strike
1-1: Swinging Strike
1-2: Strikes out looking
Bottom of the 1st over - 3 runs, 4 hits, 0 errors, 3 left on base; Seattle 0 - Chula Vista 3
TOP OF THE 2ND
Seattle Rainiers batting - Pitching for Chula Vista Tacos : RHP Hoyt Baldwin
Batting: RHB Pablo Hernández 0-0: Ball
1-0: Fly out, F3 (Popup, 3SF)
Batting: RHB Jeff Lawrence 0-0: Ball
1-0: Ball
2-0: Ball
3-0: Base on Balls
Batting: RHB Chad Battle 0-0: Ball
Jeff Lawrence steals 2nd base
1-0: Ball
2-0: Ball
3-0: Called Strike
3-1: Ground out 5-3 (Groundball, 56S)
Jeff Lawrence to third
Batting: LHB Alarico Sloet tot Everlo 0-0: Ball
1-0: Ball
2-0: Called Strike
2-1: Ball
3-1: Base on Balls
Batting: SHB Allen King Pickoff Throw to First - Error! E1
Jeff Lawrence scores
Alarico Sloet tot Everlo to second
0-0: Ball
1-0: Ball
2-0: Called Strike
2-1: Fly out, F7 (Flyball, 78M)
Top of the 2nd over - 1 run, 0 hits, 1 error, 1 left on base; Seattle 1 - Chula Vista 3
BOTTOM OF THE 2ND
Chula Vista Tacos batting - Pitching for Seattle Rainiers : LHP Miguel Perea
Batting: LHB Dale Miller 0-0: Ball
1-0: Ball
2-0: Called Strike
2-1: Foul Ball, location: 2F
2-2: Ball
3-2: Base on Balls
Batting: RHB Valentín Saldaña 0-0: Ball
1-0: Ball
2-0: Foul Ball, location: 2F
2-1: Foul Ball, location: 2F
2-2: Fly out, F8 (Flyball, 8RM)
Batting: RHB Kenny Miller 0-0: Ball
Dale Miller steals 2nd base
1-0: Ball
2-0: Called Strike
2-1: Ball
3-1: Called Strike
3-2: Base on Balls
Batting: RHB Nelson Wright 0-0: Foul Ball, location: 2F
0-1: SINGLE (Line Drive, 6M)
Dale Miller to third
Kenny Miller to second
Pitching: RHP Jesús Marino
Batting: RHB Rafael Cardenas 0-0: Foul Ball, location: 2F
0-1: Foul Ball, location: 2F
0-2: Ball
1-2: Strikes out swinging
Batting: RHB Jesús García 0-0: Ball
1-0: Swinging Strike
1-1: Ball
2-1: Ball
3-1: Called Strike
3-2: Base on Balls
Dale Miller scores
Kenny Miller to third
Nelson Wright to second
Batting: RHB Daniel Pineda 0-0: Called Strike
0-1: Ball
1-1: Foul Ball, location: 2F
1-2: Foul Ball, location: 2F
1-2: Ball
2-2: Ball
3-2: Strikes out swinging
Bottom of the 2nd over - 1 run, 1 hit, 0 errors, 3 left on base; Seattle 1 - Chula Vista 4
TOP OF THE 3RD
Seattle Rainiers batting - Pitching for Chula Vista Tacos : RHP Hoyt Baldwin
Batting: SHB Javier Contreras 0-0: Called Strike
0-1: Foul Ball, location: 2F
0-2: Ball
1-2: Strikes out swinging
Batting: LHB Pedro Camacho 0-0: Foul Ball, location: 2F
0-1: Called Strike
0-2: Fly out, F9 (Flyball, 9LS)
Batting: RHB Carl Curry 0-0: Ball
1-0: SINGLE (Line Drive, 9S)
Batting: RHB Jesús Ortíz 0-0: Called Strike
0-1: Ball
1-1: Fly out, F9 (Flyball, 9LM)
Top of the 3rd over - 0 runs, 1 hit, 0 errors, 1 left on base; Seattle 1 - Chula Vista 4
BOTTOM OF THE 3RD
Chula Vista Tacos batting - Pitching for Seattle Rainiers : RHP Jesús Marino
Batting: SHB Jared Calhoun 0-0: Called Strike
0-1: Ball
1-1: Ball
2-1: Swinging Strike
2-2: Ball
3-2: Foul Ball, location: 2F
3-2: Strikes out swinging
Batting: LHB Jorge Pineda 0-0: Called Strike
0-1: Fly out, F5 (Popup, 5S)
Batting: LHB Dale Miller 0-0: Swinging Strike
0-1: SOLO HOME RUN (Flyball, 9LD), Distance : 387 ft
Batting: RHB Valentín Saldaña 0-0: Called Strike
0-1: Ball
1-1: Ball
2-1: Ball
3-1: Base on Balls
Batting: RHB Kenny Miller 0-0: Called Strike
Valentín Saldaña steals 2nd base
0-1: Ball
1-1: Ball
2-1: Swinging Strike
2-2: Ground out 4-3 (Groundball, 4)
Bottom of the 3rd over - 1 run, 1 hit, 0 errors, 1 left on base; Seattle 1 - Chula Vista 5
TOP OF THE 4TH
Seattle Rainiers batting - Pitching for Chula Vista Tacos : RHP Hoyt Baldwin
Batting: RHB Pablo Hernández 0-0: Called Strike
0-1: Ball
1-1: Ground out 6-3 (Groundball, 6)
Batting: RHB Jeff Lawrence 0-0: Ball
1-0: Foul Ball, location: 2F
1-1: Ball
2-1: Ball
3-1: Base on Balls
Batting: RHB Chad Battle 0-0: Ball
1-0: Ball
2-0: Foul Ball, location: 2F
2-1: Fly out, F5 (Line Drive, 5)
Batting: LHB Alarico Sloet tot Everlo 0-0: Called Strike
0-1: Called Strike
0-2: Foul Ball, location: 2F
0-2: Strikes out swinging passed ball, reaches first!
Jeff Lawrence to second
Batting: SHB Allen King 0-0: Ball
1-0: Called Strike
1-1: Foul Ball, location: 2F
1-2: Ball
2-2: Foul Ball, location: 2F
2-2: DOUBLE (Flyball, 89D)
Jeff Lawrence scores
Alarico Sloet tot Everlo to third
Runner from 3rd tries for Home, SAFE, no throw
Batting: SHB Javier Contreras 0-0: Called Strike
0-1: Called Strike
0-2: Strikes out looking
Top of the 4th over - 2 runs, 1 hit, 0 errors, 1 left on base; Seattle 3 - Chula Vista 5
BOTTOM OF THE 4TH
Chula Vista Tacos batting - Pitching for Seattle Rainiers : RHP Jesús Marino
Batting: RHB Nelson Wright 0-0: Foul Ball, location: 2F
0-1: Ball
1-1: Foul Ball, location: 2F
1-2: SINGLE (Line Drive, 78S)
Batting: RHB Rafael Cardenas 0-0: Ball
1-0: Ball
2-0: Ball
3-0: Base on Balls
Nelson Wright to second
Batting: RHB Jesús García 0-0: Called Strike
0-1: Ball
1-1: Foul Ball, location: 2F
1-2: Strikes out swinging
Batting: RHB Daniel Pineda 0-0: Swinging Strike
0-1: Called Strike
0-2: SINGLE (Groundball, 56S) (infield hit)
Nelson Wright to third
Rafael Cardenas to second
Batting: SHB Jared Calhoun 0-0: SINGLE (Groundball, 56D)
Nelson Wright scores
Rafael Cardenas to third
Daniel Pineda to second
Runner from 3rd tries for Home, SAFE, no throw
Batting: LHB Jorge Pineda 0-0: Ball
1-0: Ball
2-0: Ball
3-0: Called Strike
3-1: Foul Ball, location: 2F
3-2: Grounds into double play, 5-4-3 (Groundball, 56)
Bottom of the 4th over - 2 runs, 3 hits, 0 errors, 1 left on base; Seattle 3 - Chula Vista 7
TOP OF THE 5TH
Seattle Rainiers batting - Pitching for Chula Vista Tacos : RHP Hoyt Baldwin
Batting: LHB Pedro Camacho 0-0: Ground out 4-3 (Groundball, 4M)
Batting: RHB Carl Curry 0-0: Ground out 4-3 (Groundball, 4)
Batting: RHB Jesús Ortíz 0-0: Ball
1-0: Called Strike
1-1: Ball
2-1: Called Strike
2-2: Ground out 5-3 (Groundball, 56S)
Top of the 5th over - 0 runs, 0 hits, 0 errors, 0 left on base; Seattle 3 - Chula Vista 7
BOTTOM OF THE 5TH
Chula Vista Tacos batting - Pitching for Seattle Rainiers : RHP Jesús Marino
Batting: LHB Dale Miller 0-0: Called Strike
0-1: Called Strike
0-2: Foul Ball, location: 2F
0-2: Ball
1-2: Foul Ball, location: 2F
1-2: Foul Ball, location: 2F
1-2: Ball
2-2: SINGLE (Groundball, 4D)
Pitching: RHP Juan Solís
Batting: RHB Valentín Saldaña 0-0: Called Strike
0-1: Ball
1-1: Foul Ball, location: 2F
1-2: Foul Ball, location: 2F
1-2: Fly out, F3 (Popup, 3SF)
Batting: RHB Kenny Miller 0-0: Foul Ball, location: 2F
0-1: Swinging Strike
0-2: Ball
1-2: Strikes out swinging
Batting: RHB Nelson Wright 0-0: Ball
1-0: Swinging Strike
1-1: Called Strike
1-2: Ground out 5-3 (Groundball, 56S)
Bottom of the 5th over - 0 runs, 1 hit, 0 errors, 1 left on base; Seattle 3 - Chula Vista 7
TOP OF THE 6TH
Seattle Rainiers batting - Pitching for Chula Vista Tacos : RHP Hoyt Baldwin
Batting: RHB Pablo Hernández 0-0: Ball
1-0: Called Strike
1-1: Called Strike
1-2: Ball
2-2: Strikes out looking
Batting: RHB Jeff Lawrence 0-0: Called Strike
0-1: Foul Ball, location: 2F
0-2: Strikes out looking
Batting: RHB Chad Battle 0-0: SINGLE (Groundball, 56D)
Pitching: RHP Ignacio Rodríguez
Batting: LHB Alarico Sloet tot Everlo 0-0: Ball
1-0: Foul Ball, location: 2F
1-1: Called Strike
1-2: Ball
2-2: Foul Ball, location: 2F
2-2: Strikes out swinging
Top of the 6th over - 0 runs, 1 hit, 0 errors, 1 left on base; Seattle 3 - Chula Vista 7
BOTTOM OF THE 6TH
Chula Vista Tacos batting - Pitching for Seattle Rainiers : RHP Juan Solís
Batting: RHB Rafael Cardenas 0-0: Fly out, F1 (Line Drive, 13S)
Batting: RHB Jesús García 0-0: Ball
1-0: Ball
2-0: Foul Ball, location: 2F
2-1: Called Strike
2-2: Strikes out looking
Batting: RHB Daniel Pineda 0-0: Ball
1-0: Ground out 4-3 (Groundball, 4)
Bottom of the 6th over - 0 runs, 0 hits, 0 errors, 0 left on base; Seattle 3 - Chula Vista 7
TOP OF THE 7TH
Seattle Rainiers batting - Pitching for Chula Vista Tacos : RHP Ignacio Rodríguez
Batting: SHB Allen King 0-0: Ball
1-0: Foul Ball, location: 2F
1-1: Swinging Strike
1-2: Ball
2-2: Foul Ball, location: 2F
2-2: Strikes out swinging
Batting: SHB Javier Contreras 0-0: Ball
1-0: Fly out, F8 (Flyball, 8RM)
Batting: LHB Pedro Camacho 0-0: Ball
1-0: Foul Ball, location: 2F
1-1: DOUBLE (Line Drive, 9LM)
Batting: RHB Carl Curry 0-0: Ball
1-0: Ball
2-0: Ball
3-0: Called Strike
3-1: Base on Balls
Batting: RHB Jesús Ortíz 0-0: Ball
1-0: Ball
2-0: Ball
3-0: Base on Balls
Pedro Camacho to third
Carl Curry to second
Batting: RHB Pablo Hernández 0-0: Swinging Strike
0-1: Swinging Strike
0-2: Ball
1-2: Ball
2-2: Foul Ball, location: 2F
2-2: Ball
3-2: Strikes out swinging
Top of the 7th over - 0 runs, 1 hit, 0 errors, 3 left on base; Seattle 3 - Chula Vista 7
BOTTOM OF THE 7TH
Chula Vista Tacos batting - Pitching for Seattle Rainiers : RHP Juan Solís
Batting: SHB Jared Calhoun 0-0: Called Strike
0-1: Ball
1-1: Foul Ball, location: 2F
1-2: Strikes out swinging
Batting: LHB Jorge Pineda 0-0: Called Strike
0-1: Foul Ball, location: 2F
0-2: Ball
1-2: Ball
2-2: Strikes out looking
Batting: LHB Dale Miller 0-0: Called Strike
0-1: Ball
1-1: Foul Ball, location: 2F
1-2: DOUBLE (Line Drive, 9LS)
Batting: RHB Valentín Saldaña 0-0: Called Strike
0-1: Ball
1-1: Foul Ball, location: 2F
1-2: Strikes out swinging
Bottom of the 7th over - 0 runs, 1 hit, 0 errors, 1 left on base; Seattle 3 - Chula Vista 7
TOP OF THE 8TH
Seattle Rainiers batting - Pitching for Chula Vista Tacos : RHP Ignacio Rodríguez
Batting: RHB Jeff Lawrence 0-0: Foul Ball, location: 2F
0-1: Fly out, F8 (Flyball, 8LD)
Batting: RHB Chad Battle 0-0: SOLO HOME RUN (Flyball, 7D), Distance : 381 ft
Batting: LHB Alarico Sloet tot Everlo 0-0: Called Strike
0-1: Ground out 3-1 (Groundball, 34S)
Pitching: RHP Keith Anderson
Batting: SHB Allen King 0-0: Ball
1-0: Ball
2-0: Called Strike
2-1: Ground out U3 (Groundball, 3S)
Top of the 8th over - 1 run, 1 hit, 0 errors, 0 left on base; Seattle 4 - Chula Vista 7
BOTTOM OF THE 8TH
Chula Vista Tacos batting - Pitching for Seattle Rainiers : RHP Juan Solís
Pitching: RHP Danny Owen
Batting: RHB Kenny Miller 0-0: Fly out, F3 (Line Drive, 3)
Batting: RHB Nelson Wright 0-0: Called Strike
0-1: Fly out, F6 (Line Drive, 6)
Batting: RHB Rafael Cardenas 0-0: Ball
1-0: Swinging Strike
1-1: Ball
2-1: Swinging Strike
2-2: Ball
3-2: Ground out 4-3 (Groundball, 4)
Bottom of the 8th over - 0 runs, 0 hits, 0 errors, 0 left on base; Seattle 4 - Chula Vista 7
TOP OF THE 9TH
Seattle Rainiers batting - Pitching for Chula Vista Tacos : RHP Keith Anderson
Pitching: LHP Craig Grant
Batting: SHB Javier Contreras 0-0: Ball
1-0: Called Strike
1-1: Ball
2-1: SINGLE (Line Drive, 56)
Batting: LHB Pedro Camacho 0-0: Called Strike
0-1: Ball
1-1: Called Strike
1-2: Foul Ball, location: 2F
1-2: Foul Ball, location: 2F
1-2: Ball
2-2: Fly out, F4 (Popup, 3D)
Batting: RHB Carl Curry 0-0: Called Strike
0-1: Ball
1-1: Ball
2-1: Ball
3-1: Base on Balls
Javier Contreras to second
Batting: RHB Jesús Ortíz 0-0: Ball
1-0: Called Strike
1-1: Ball
2-1: Ball
3-1: Called Strike
3-2: Foul Ball, location: 2F
3-2: Fly out, F5 (Line Drive, 5)
Batting: RHB Pablo Hernández 0-0: Fielders Choice at 2nd, 6-4 (Groundball, 6)
Top of the 9th over - 0 runs, 1 hit, 0 errors, 2 left on base; Seattle 4 - Chula Vista 7
Saturday, April 7th, 2018 - OOTP Baseball 18.8 Build 76